 Dungeon Crawl Stone Soup version 0.27.1 (webtiles) character file.

Game seed: 779324553239274781

5777 ABBCCCDDDD the Summoner (level 10, -8/66 HPs)
             Began as an Octopode Summoner on Sept 2, 2021.
             Mangled by an unseen horror (9 damage)
             ... on level 11 of the Dungeon.
             The game lasted 00:31:04 (14501 turns).

ABBCCCDDDD the Summoner (Octopode Summoner)        Turns: 14501, Time: 00:31:05

Health: -8/66      AC:  1    Str:  7    XL:     10   Next: 78%
Magic:  2/16       EV: 17    Int: 21    God:
Gold:   559        SH:  0    Dex: 13    Spells: 7/17 levels left

rFire    + . .     SeeInvis .   c - +2 short sword (venom)
rCold    . . .     Faith    .   (no shield)
rNeg     . . .     Spirit   .   (helmet restricted)
rPois    .         Reflect  .   (no amulet)
rElec    .         Harm     .   p - +4 ring of evasion
rCorr    .         Rampage  .   q - ring of protection from fire
Will     .....                  v - ring of flight
Stlth    +++.......             (no ring)
HPRegen  0.21/turn              (no ring)
MPRegen  0.15/turn              (no ring)
                                (no ring)
                                (no ring)

@: flying, invisible
A: almost no armour, amphibious, 8 rings, camouflage 1, gelatinous body 1,
(nimble swimmer 1), tentacles
a: no special abilities


You were on level 11 of the Dungeon.
You visited 1 branch of the dungeon, and saw 11 of its levels.

You collected 559 gold pieces.

Inventory:

Hand Weapons
 c - a +2 short sword of venom (weapon)
 j - a +0 hand axe of electrocution
 y - the +7 battleaxe "Jaesaiv" {elec, Int+4 Dex+4}
   (You found it on level 8 of the Dungeon)

   It occasionally discharges a powerful burst of electricity upon striking a
   foe.
   Int:       It affects your intelligence (+4).
   Dex:       It affects your dexterity (+4).
 A - a +2 dagger of electrocution
Missiles
 d - 14 boomerangs
 f - 5 curare-tipped darts (quivered)
 h - 62 poisoned darts
 i - 177 stones
 k - 7 javelins
 u - 4 throwing nets
Jewellery
 p - a +4 ring of evasion (left tentacle)
 q - a ring of protection from fire (right tentacle)
 v - a ring of flight (on tentacle)
Wands
 a - a wand of digging (6)
 B - a wand of flame (23)
Scrolls
 e - a scroll of teleportation
 m - 2 scrolls of immolation
 o - a scroll of blinking
 t - a scroll of amnesia
 w - 3 scrolls of identify
 E - a scroll of fear {unknown}
Potions
 b - 5 potions of curing
 g - a potion of cancellation {unknown}
 l - 2 potions of invisibility
 r - a potion of flight {unknown}
 s - 2 potions of haste {unknown}
 x - 3 potions of mutation {unknown}
 z - 2 potions of berserk rage {unknown}
 C - a potion of lignification {unknown}
Miscellaneous
 D - a condenser vane


   Skills:
 - Level 5.0 Fighting
 - Level 1.8 Short Blades
 - Level 2.0 Dodging
 - Level 4.0 Stealth
 - Level 0.2 Unarmed Combat
 - Level 4.0 Spellcasting
 + Level 12.9 Summonings
 - Level 6.0 Air Magic


You had 7 spell levels left.
You knew the following spells:

 Your Spells              Type           Power      Damage    Failure   Level
a - Summon Small Mammal   Summ           100%       N/A       1%          1
b - Call Canine Familiar  Summ           56%        N/A       1%          3
c - Summon Lightning Spi  Summ/Air       44%        N/A       2%          4
d - Call Imp              Summ           56%        N/A       1%          2

Your spell library contained the following spells:

 Spells                   Type           Power      Damage    Failure   Level
 Summon Guardian Golem    Hex/Summ       31%        N/A       2%          3
 Mephitic Cloud           Conj/Pois/Air  12%        N/A       16%         3
 Gell's Gravitas          Tloc           2%         N/A       34%         3
 Ignite Poison            Fire/Tmut/Pois 4%         N/A       34%         3
 Lesser Beckoning         Tloc           2%         N/A       34%         3
 Teleport Other           Tloc           4%         N/A       34%         3
 Tukima's Dance           Hex            4%         N/A       34%         3
 Passage of Golubria      Tloc           N/A        N/A       75%         4
 Bolt of Magma            Conj/Fire/Erth 2%         4d4       97%         5
 Yara's Violent Unravell  Hex/Tmut       2%         3d3       97%         5


Dungeon Overview and Level Annotations

Branches:
Dungeon (11/15)            Temple (0/1) D:4            Lair (0/6) D:9
    Orc (0/2) D:10

Altars:
Cheibriados
Hepliaklqana
Qazlal
Yredelemnul

Shops:
D:8 *

Annotations:
D:2 1 runed translucent door, Crazy Yiuf
D:8 1 runed translucent door, Garym's ghost, novice MiFi


Innate Abilities, Weirdness & Mutations

You cannot wear most types of armour.
You are amphibious.
You can wear up to eight rings at the same time.
Your skin changes colour to match your surroundings (Stealth+).
Your rubbery body absorbs attacks. (AC +1, EV +1)
((You are camouflaged near water. (Stealth+)))
You have tentacles for arms and can constrict up to eight enemies at once.


Message History

The kobold demonologist is lightly wounded.
You constrict the kobold demonologist. Something hits you.
The sun demon hits you.
You are engulfed in flames.
You resist. Something hits you!
The kobold demonologist casts a spell.
Send 'em back where they came from!
Your lightning spire shudders.
The sun demon hits you!
* * * LOW HITPOINT WARNING * * *
You are engulfed in flames!
You resist.
* * * LOW HITPOINT WARNING * * *
You hit the kobold demonologist but do no damage.
The kobold demonologist looks as sick as possible!
You squeeze the kobold demonologist!
The kobold demonologist is moderately wounded.
You constrict the kobold demonologist. Something closely misses you.
The kobold demonologist looks braver for a moment.
The sun demon barely misses you.
You puncture the kobold demonologist!
The kobold demonologist looks as sick as possible!
The kobold demonologist is severely wounded.
You constrict the kobold demonologist.
The kobold demonologist closely misses you.
Something hits you but does no damage. The sun demon completely misses you.
As you read the scroll of holy word, it crumbles to dust.
You speak a Word of immense power!
The sun demon convulses!
You constrict the kobold demonologist.
Your lightning spire disappears in a puff of smoke!
Something hits you.
* * * LOW HITPOINT WARNING * * *
The kobold demonologist hits you with a +0 dagger.
* * * LOW HITPOINT WARNING * * *
The sun demon closely misses you.
It was a potion of invisibility.
You fade into invisibility!
You constrict the kobold demonologist.
You kill the kobold demonologist!
The sun demon disappears in a puff of smoke!
Something hits you!
You die...

####.#####
#.........
#.........
#.........
#.........
#.........
#.).......
#.@§......
##.#######
#§# #.#
#.# #.##
#..# ##.#
#.#


There were no monsters in sight!

Levels and vault maps discovered:
D:1:      dpeg_arrival_arbitrary_b, layout_basic
D:2:      layout_basic, dreamdust_ecumenical_altar_grove,
          uniq_crazy_yiuf_cottage
D:3:      layout_basic
D:4:      layout_cave_pools, minmay_temple_entry_sparse_star, uniq_natasha
D:5:      layout_basic, corexii_shack, uniq_blork_the_orc
D:6:      layout_rooms, mainiacjoe_overflow_24_doors, minmay_statues_item
D:7:      layout_loops_ring, beargit_hepliaklqana_dungeon_heroes,
          cheibrodos_worm_habitat, uniq_harold
D:8:      layout_basic, gammafunk_ghost_grave, nicolae_transmutations_shop,
          item_on_display_a
D:9:      layout_basic, dpeg_oklobed_lair
D:10:     layout_roguey, nicolae_qazlal_style_of_elements, orc_0_dummy,
          grunt_decor_resistance, grunt_ministairs_15, minivault_8
D:11:     layout_roguey, uniq_erolcha

Notes
Turn   | Place    | Note
-------+----------+-------------------------------------------
     0 | D:1      | ABBCCCDDDD the Octopode Summoner began the quest for the
                  | Orb.
     0 | D:1      | Reached XP level 1. HP: 11/11 MP: 3/3
   660 | D:1      | Reached XP level 2. HP: 12/18 MP: 3/5
   664 | D:1      | Reached skill level 1 in Fighting
  1270 | D:2      | Reached XP level 3. HP: 23/23 MP: 6/6
  1274 | D:2      | Learned a level 3 spell: Call Canine Familiar
  1776 | D:2      | Found a faded altar of an unknown god.
  1809 | D:2      | Reached skill level 1 in Short Blades
  1937 | D:2      | Found a runed translucent door.
  1938 | D:2      | Noticed Crazy Yiuf
  2125 | D:2      | Reached XP level 4. HP: 29/29 MP: 7/7
  3039 | D:2      | HP: 1/29 [orc (3)]
  3529 | D:3      | Reached XP level 5. HP: 34/34 MP: 8/8
  3688 | D:4      | Noticed Natasha
  3697 | D:4      | Killed Natasha
  3827 | D:4      | Noticed Natasha
  3835 | D:4      | Killed Natasha
  3836 | D:4      | Reached skill level 5 in Summonings
  3836 | D:4      | Reached XP level 6. HP: 36/41 MP: 6/10
  3881 | D:4      | Noticed Natasha
  3900 | D:4      | Killed Natasha
  3932 | D:4      | Found a staircase to the Ecumenical Temple.
  4411 | D:4      | Learned a level 4 spell: Summon Lightning Spire
  4412 | D:5      | Entered Level 5 of the Dungeon
  4419 | D:5      | Noticed Blork the orc
  4424 | D:5      | Noticed an ice beast
  4701 | D:5      | Identified the +1 leather armour of Generosity {Will+
                  | Regen+ Int-4 Dex+3}
  4707 | D:5      | Reached skill level 1 in Air Magic
  4814 | D:5      | Noticed a necrophage
  4835 | D:5      | Killed a necrophage
  4931 | D:5      | Reached XP level 7. HP: 46/46 MP: 7/11
  5707 | D:6      | Reached skill level 6 in Summonings
  5721 | D:6      | Found a basalt altar of Yredelemnul.
  5777 | D:6      | Reached XP level 8. HP: 31/54 MP: 6/12
  6330 | D:5      | Killed Blork the orc
  6560 | D:5      | Reached skill level 5 in Air Magic
  6985 | D:5      | Reached skill level 5 in Fighting
  7635 | D:7      | Reached skill level 7 in Summonings
  7999 | D:7      | Reached XP level 9. HP: 51/61 MP: 9/13
  8229 | D:7      | Reached skill level 8 in Summonings
  8407 | D:7      | Found a snail-covered altar of Cheibriados.
  8666 | D:7      | Noticed Harold
  8704 | D:7      | Killed Harold
  8705 | D:7      | Reached skill level 9 in Summonings
  8705 | D:7      | Noticed a gargoyle
  8839 | D:7      | Killed a gargoyle
  8911 | D:7      | Found a hazy altar of Hepliaklqana.
  8911 | D:7      | Found a faded altar of an unknown god.
  9020 | D:7      | Learned a level 2 spell: Call Imp
  9301 | D:8      | Found Imoycon's Changing Room.
  9310 | D:8      | Reached skill level 10 in Summonings
  9435 | D:8      | You are sucked into a shaft and drop 1 floor!
  9435 | D:9      | Noticed a kobold demonologist
  9435 | D:9      | Noticed a kobold demonologist
  9589 | D:9      | Found a staircase to the Lair.
 10187 | D:9      | Killed a kobold demonologist
 10202 | D:9      | Killed a kobold demonologist
 10203 | D:9      | Reached XP level 10. HP: 66/66 MP: 3/15
 10563 | D:8      | Noticed a two-headed ogre
 10585 | D:8      | Killed a two-headed ogre
 10586 | D:8      | Reached skill level 11 in Summonings
 10797 | D:8      | Found a runed translucent door.
 10801 | D:8      | Noticed Garym's ghost (novice MiFi)
 10902 | D:8      | Identified the +7 battleaxe "Jaesaiv" {elec, Int+4 Dex+4}
 11234 | D:10     | Entered Level 10 of the Dungeon
 11265 | D:10     | Noticed a six-headed hydra
 11289 | D:10     | Killed a six-headed hydra
 11495 | D:10     | Found a staircase to the Orcish Mines.
 11564 | D:10     | Reached skill level 12 in Summonings
 12479 | D:10     | Found a stormy altar of Qazlal.
 12786 | D:10     | Killed an unseen horror
 12943 | D:10     | Noticed a molten gargoyle
 12945 | D:10     | Noticed a molten gargoyle
 12955 | D:10     | Killed a molten gargoyle
 13234 | D:10     | Killed a molten gargoyle
 13307 | D:10     | Noticed a molten gargoyle
 13371 | D:10     | Killed a molten gargoyle
 13535 | D:10     | Noticed a molten gargoyle
 14287 | D:10     | Killed a molten gargoyle
 14485 | D:11     | Noticed a kobold demonologist
 14492 | D:11     | Noticed a sun demon
 14500 | D:11     | HP: 1/66 [kobold demonologist (6)]
 14501 | D:11     | Killed a kobold demonologist
 14501 | D:11     | Mangled by an unseen horror

Table legend: (Time is in decaauts)
 A = Elapsed time spent in this place.
 B = Non-inter-level travel time spent in this place.
 C = Inter-level travel time spent in this place.
 D = Time resting spent in this place.
 E = Time spent auto-exploring this place.
 F = Levels seen in this place.
 G = Mean time per level.
                   A        B        C        D        E       F      G
               +--------+--------+--------+--------+--------+-----+--------+
         Total |  14518 |  13991 |    527 |   4416 |   6742 |  11 | 1319.8 |
       Dungeon |  14518 |  13991 |    527 |   4416 |   6742 |  11 | 1319.8 |
               +--------+--------+--------+--------+--------+-----+--------+

Top non-repeatable levels by time:
    D:10: 2880 daAuts
     D:5: 2067 daAuts
     D:1: 1576 daAuts
     D:2: 1470 daAuts
     D:9: 1420 daAuts
     D:7: 1303 daAuts
     D:6: 1183 daAuts
     D:8: 1133 daAuts
     D:3: 852 daAuts
     D:4: 579 daAuts
    D:11: 49 daAuts

Table legend:
 A = Kills in this place as a percentage of kills in entire the game.
 B = Kills by you in this place as a percentage of kills by you in the entire game.
 C = Kills by friends in this place as a percentage of kills by friends in the entire game.
 D = Other kills in this place as a percentage of other kills in the entire game.
 E = Experience gained in this place as a percentage of experience gained in the entire game.
 F = Experience gained in this place divided by the number of levels of this place that you have seen.
                   A       B       C       D       E      F
               +-------+-------+-------+-------+-------+----------------------
         Total | 100.0 | 100.0 | 100.0 |   N/A | 100.0 | 781.6
       Dungeon | 100.0 | 100.0 | 100.0 |   N/A | 100.0 | 781.6
               +-------+-------+-------+-------+-------+----------------------

Action                   |  1- 3 |  4- 6 |  7- 9 | 10-12 || total
-------------------------+-------+-------+-------+-------++-------
Melee: Unarmed           |    11 |       |       |       ||    11
       Constrict         |    18 |    19 |    27 |    12 ||    76
       Short sword       |    62 |    75 |   125 |    47 ||   309
       Dagger            |     3 |       |       |       ||     3
       Tentacles         |    13 |    11 |    27 |    11 ||    62
       Punch             |       |       |     1 |       ||     1
Throw: Dart              |       |       |     5 |     1 ||     6
 Cast: Summon Small Mamm |     7 |       |     1 |       ||     8
       Call Canine Famil |       |    20 |    52 |    36 ||   108
       Summon Lightning  |       |       |    24 |    34 ||    58
       Call Imp          |       |       |     3 |     5 ||     8
Evoke: Wand              |       |       |       |     2 ||     2
  Use: Scroll            |       |       |     7 |     4 ||    11
       Potion            |       |       |       |     1 ||     1
 Stab: Sleeping          |     8 |    16 |     5 |     2 ||    31
       Distracted        |     1 |       |     2 |       ||     3
Armor: Skin              |     5 |     8 |     7 |     1 ||    21
Dodge: Dodged            |    38 |    32 |   106 |    47 ||   223

Vanquished Creatures
  Harold (D:7)
  A kobold demonologist (D:11)
  2 yaks (D:10)
  An ice beast (D:5)
  2 necrophages
  2 ogres
  A centaur (D:7)
  2 bullfrogs (D:8)
  A scorpion (D:7)
  3 water moccasin skeletons
  2 wights (D:5)
  2 howler monkeys
  2 bullfrog zombies
  2 hounds (D:6)
  A gnoll shaman (D:9)
  2 orc priests
  2 centaur skeletons
  Natasha (D:4)
  An iguana (D:5)
  3 orc wizards
  A hound skeleton (D:5)
  4 gnolls
  4 adders
  A shadow imp (D:6)
  A white imp (D:6)
  An ufetubus (D:7)
  2 worms
  3 dart slugs
  13 orcs
  7 bats
  4 endoplasms (D:2)
  A giant cockroach (D:1)
  9 goblins
  6 hobgoblins
  6 jackals
  2 quokkas
  11 ball pythons
  3 frilled lizards
  10 kobolds
  7 rats
130 creatures vanquished.

Vanquished Creatures (collateral kills)
  A hydra (D:10)
  A two-headed ogre (D:8)
  A gargoyle (D:7)
  4 molten gargoyles (D:10)
  2 kobold demonologists (D:9)
  An unseen horror (D:10)
  3 wyverns
  A wraith (D:10)
  4 yaks (D:10)
  A shadow (D:9)
  An acid dragon (D:10)
  A water moccasin (D:6)
  2 orc warriors
  A black bear (D:5)
  An ice beast (D:8)
  A necrophage (D:5)
  A centaur (D:7)
  3 kobold brigands
  Blork the orc (D:5)
  A bullfrog (D:7)
  A gnoll sergeant (D:10)
  A water moccasin zombie (D:5)
  6 wights
  2 howler monkeys (D:9)
  5 orc priests
  2 jellies
  An iguana (D:5)
  7 orc wizards
  A centaur skeleton (D:5)
  Natasha (twice) (D:4)
  10 gnolls
  An adder (D:4)
  A white imp (D:5)
  A worm (D:2)
  17 orcs
  A goblin (D:4)
  A jackal (D:1)
  A bat (D:3)
  A frilled lizard (D:2)
  4 kobolds
98 creatures vanquished.

Vanquished Creatures (others)
  4 fungi
  9 plants
  2 withered plants (D:8)
15 creatures vanquished.

Grand Total: 243 creatures vanquished
